 Dungeon Crawl Stone Soup version 0.22.1-1-ga44c0e5 (webtiles) character file.

64 Harpaggios the Digger (level 4, -9/35 HPs)
             Began as a Ghoul Earth Elementalist on Oct 18, 2018.
             Mangled by Terence
             ... wielding a +0 flail
              (11 damage)
             ... on level 2 of the Dungeon.
             The game lasted 00:12:57 (1554 turns).

Harpaggios the Digger (Ghoul Earth Elementalist)    Turns: 1554, Time: 00:12:57

Health: -9/35      AC:  2    Str: 11    XL:     4   Next: 12%
Magic:  5/6        EV: 12    Int: 11    God:
Gold:   47         SH:  0    Dex:  9    Spells: 6/7 levels left

rFire    . . .     SeeInvis .     - Unarmed
rCold    + . .     Gourm    .   (no shield)
rNeg     + + +     Faith    .   c - +0 robe
rPois    ∞         Spirit   .   (no helmet)
rElec    .         Reflect  .   (no cloak)
rCorr    .         Harm     .   (no gloves)
MR       .....                  (no boots)
Stlth    ++........             (no amulet)
HPRegen  0.00/turn              (no ring)
MPRegen  0.10/turn              (no ring)

@: rotting
A: rotting body, claws 1, carnivore, cold resistance 1, negative energy
resistance 3, inhibited regeneration, torment resistance, unbreathing
a: no special abilities


You were on level 2 of the Dungeon.
You were not hungry.

You visited 1 branch of the dungeon, and saw 2 of its levels.

You collected 47 gold pieces.

Inventory:

Missiles
 b - 26 stones (quivered)
Armour
 c - a +0 robe (worn)
Scrolls
 a - a scroll of enchant weapon {unknown}
 e - 2 scrolls of enchant armour {unknown}
 g - a scroll of identify {unknown}
 h - a scroll of magic mapping {unknown}
Comestibles
 d - 2 rations


   Skills:
 + Level 1.5 Fighting
 + Level 2.2 Dodging
 - Level 2.1 Stealth
 * Level 2.1 Unarmed Combat
 + Level 2.1 Spellcasting
   Level 0.8 Transmutations
 + Level 3.6 Earth Magic


You had 6 spell levels left.
You knew the following spells:

 Your Spells              Type           Power        Failure   Level  Hunger
a - Sandblast             Erth           #.....       6%          1    ##.....

Your spell library contained the following spells:

 Spells                   Type           Power        Failure   Level  Hunger
 Passwall                 Tmut/Erth      #.......     17%         2    ###....
 Stone Arrow              Conj/Erth      #.....       38%         3    ####...
 Petrify                  Tmut/Erth      #.......     75%         4    #####..
 Lee's Rapid Deconstruct  Erth           #.........   87%         5    ######.


Dungeon Overview and Level Annotations

Branches:
Dungeon (2/15)

Altars:

Annotations:
D:2 Terence


Innate Abilities, Weirdness & Mutations

Your body is rotting away.
You thrive on raw meat.
You are immune to poison.
You have sharp fingernails.
You are carnivorous and can eat meat at any time.
Your flesh is cold resistant. (rC+)
You are immune to negative energy. (rN+++)
You do not regenerate when monsters are visible.
You are immune to unholy pain and torment.
You can survive without breathing.


Message History

Terence is heavily wounded.
Terence closely misses you.
You barely miss Terence.
Terence is heavily wounded.
You scratch Terence.
Terence is severely wounded.
Terence hits you with a flail.
* * * LOW HITPOINT WARNING * * *
You scratch Terence but do no damage.
Terence is severely wounded.
Terence hits you with a flail.
* * * LOW HITPOINT WARNING * * *
You scratch Terence.
Terence is almost dead.
Terence hits you with a flail.
* * * LOW HITPOINT WARNING * * *
You closely miss Terence.
Terence is almost dead.
Terence hits you with a flail!
You die...

..............#
.............
##.#......#.#
##.........#.
##........# ..
..........# .#
.###.....# .#
.#......)##.#
.........@@..#
..##.#...#####
. #.##.<# .
#.÷# .
#........$ #.
.........##
#.........#
#.........#
#.........#


You could see Terence.

Vanquished Creatures
  2 adders (D:2)
  A worm (D:2)
  A dart slug (D:1)
  2 leopard geckos
  3 bats
  3 giant cockroaches (D:1)
  10 goblins
  2 hobgoblins (D:1)
  2 jackals (D:1)
  4 kobolds
  4 frilled lizards (D:1)
  5 rats
39 creatures vanquished.

Notes
Turn   | Place    | Note
-------+----------+-------------------------------------------
     0 | D:1      | Harpaggios the Ghoul Earth Elementalist began the quest for
                  | the Orb.
     0 | D:1      | Reached XP level 1. HP: 14/14 MP: 2/2
   363 | D:1      | Reached XP level 2. HP: 20/22 MP: 0/3
   416 | D:1      | Reached skill level 1 in Unarmed Combat
   761 | D:1      | Reached skill level 1 in Fighting
   761 | D:1      | Reached XP level 3. HP: 28/28 MP: 2/4
  1475 | D:2      | Reached XP level 4. HP: 23/35 MP: 2/6
  1516 | D:2      | Noticed Terence
  1554 | D:2      | Mangled by Terence

Skill      XL: |  1  2  3 |
---------------+----------+-----
Unarmed Combat | 1 2 |  2.1
Dodging        | 2 |  2.2
Fighting       | 1 |  1.5
Spellcasting   | 2 |  2.1
Stealth        | |  2.1
Transmutations | |  0.8
Earth Magic    | |  3.6

Action                   |  1- 3 |  4- 6 || total
-------------------------+-------+-------++-------
Melee: Unarmed           |   121 |    30 ||   151
 Cast: Sandblast         |    21 |     3 ||    24
  Eat: Chunk             |     8 |     4 ||    12
Armor: Robe              |    31 |     5 ||    36
Dodge: Dodged            |    83 |    14 ||    97
